 Dungeon Crawl Stone Soup version 0.30.1 (webtiles) character file.

Game seed: 14924176764616430086

82 Fodor the Conjurer (level 4, -1/33 HPs)
             Began as a Draconian Conjurer on July 13, 2023.
             Killed from afar by an orc wizard (5 damage)
             ... with a puff of flame
             ... on level 3 of the Dungeon.
             The game lasted 00:19:07 (2486 turns).

Fodor the Conjurer (Draconian Conjurer)             Turns: 2486, Time: 00:19:07

Health: -1/33      AC:  6    Str: 16    XL:     4   Next: 21%
Magic:  7/7        EV: 12    Int: 20    God:
Gold:   165        SH:  0    Dex:  9    Spells: 7/8 levels left

rFire   . . .        c - staff of poison
rCold   . . .        e - orb {*channel}
rNeg    . . .        (body armour unavailable)
rPois   +            (helmet restricted)
rElec   .            (no cloak)
rCorr   .            g - +0 pair of gloves
SInv    .            (no boots)
Will    .....        (no amulet)
Stlth   ++           h - +6 ring of strength
HPRegen 0.25/turn    (no ring)
MPRegen 0.10/turn

%: channel magic (20%)
@: no status effects
A: AC +5, unfitting armour, cold-blooded
a: no special abilities


You were on level 3 of the Dungeon.
You visited 1 branch of the dungeon, and saw 3 of its levels.

You collected 165 gold pieces.

Inventory:

Hand Weapons
 f - a +0 dagger of electrocution
 n - a +0 shortbow
Missiles
 r - 3 curare-tipped darts
Armour
 e - an orb of energy (worn)
 g - a +0 pair of gloves (worn)
Magical Staves
 c - a staff of poison (weapon)
Jewellery
 h - a +6 ring of strength (left hand)
Scrolls
 d - 4 scrolls of blinking {unknown}
 i - 2 scrolls of fog {unknown}
 k - 3 scrolls of enchant armour {unknown}
 q - a scroll of amnesia {unknown}
Potions
 a - 2 potions of magic
 b - 2 potions of berserk rage {unknown}
 j - 3 potions of degeneration {unknown}
 l - 2 potions of lignification {unknown}
 m - a potion of curing
 o - a potion of mutation {unknown}
 p - a potion of cancellation {unknown}


   Skills:
 + Level 0.1 Fighting
 + Level 2.1 Dodging
 + Level 1.8 Stealth
 + Level 2.5 Spellcasting
 + Level 5.2 Conjurations


You had 7 spell levels left.
You knew the following spells:

 Your Spells              Type           Power      Damage    Failure   Level
a - Magic Dart            Conj           92%        1d7       8%          1

Your spell library contained the following spells:

 Spells                   Type           Power      Damage    Failure   Level
 Searing Ray              Conj           46%        2d6       10%         2
 Dazzling Flash           Conj/Hex       26%        N/A       34%         3
 Fulminant Prism          Conj/Hex       6%         3d7       67%         4
 Iskenderun's Mystic Bla  Conj/Tloc      13%        2d5       67%         4
 Irradiate                Conj/Tmut      6%         3d13      92%         5
 Blade Hands              Tmut           1%         N/A       99%         5
 Dragon Form              Tmut           1%         N/A       100%        7


Dungeon Overview and Level Annotations

Branches:
Dungeon (3/15)

Altars:

Shops:
D:3 [


Innate Abilities, Weirdness & Mutations

Your plain brown scales are hard. (AC +5)
You cannot fit into any form of body armour.
You are cold-blooded and may be slowed by cold attacks.


Message History

An orc wizard comes into view. It is wielding a +0 dagger.
The orc wizard moves out of view.
An orc wizard comes into view. It is wielding a +0 dagger.
The orc wizard shouts!
An orc comes into view. It is wielding a +0 short sword.
The orc wizard closely misses you.
You barely miss the orc wizard.
The orc wizard gestures at you while chanting.
The puff of flame hits you!
You closely miss the orc wizard.
The orc wizard hits you but does no damage.
You closely miss the orc wizard. The orc wizard casts a spell at you.
The magic dart hits you!
You hit the orc wizard but do no damage.
The orc wizard hits you but does no damage.
You barely miss the orc wizard. The orc wizard completely misses you.
You hit the orc.
The orc is heavily wounded.
The orc hits you with a +0 short sword.
You hit the orc.
You kill the orc!
You closely miss the orc wizard.
The orc wizard points at you and mumbles some strange words.
The magic dart hits you.
* * * LOW HITPOINT WARNING * * *
You barely miss the orc wizard.
Your tail-slap misses the orc wizard.
The orc wizard gestures at you while chanting.
The magic dart hits you.
* * * LOW HITPOINT WARNING * * *
The orc wizard shouts!
You hit the orc wizard but do no damage.
The orc wizard barely misses you.
The orc wizard hits you with a +0 dagger.
* * * LOW HITPOINT WARNING * * *
You hit the orc wizard.
The orc wizard is lightly wounded.
The orc wizard gestures at you while chanting.
The puff of flame hits you.
You die...

.....# #####..........########
.....# #.................. ######
#..<........####### ###########
#...........# # )†........##
#########.#..... . ####......(##
#.######### ## #........### #..
.......
.###......#...###################
...............o@o...... .......
####......###.########## #######
######## #.# # #.. #
#.........##. # #.........# .o #
#.........# #. # #.........# ##
#.........#


You could see 2 orc wizards.

Vanquished Creatures
  A gnoll (D:1)
  3 adders
  A dart slug (D:3)
  2 orcs (D:3)
  3 ball pythons
  5 endoplasms
  2 giant cockroaches
  2 goblins (D:1)
  4 hobgoblins
  9 kobolds
  2 quokkas
  2 bats
  3 frilled lizards
  A rat (D:2)
40 creatures vanquished.

Notes
Turn   | Place    | Note
-------+----------+-------------------------------------------
     0 | D:1      | Fodor the Draconian Conjurer began the quest for the Orb.
     0 | D:1      | Reached XP level 1. HP: 14/14 MP: 3/3
   208 | D:1      | Reached XP level 2. HP: 20/20 MP: 0/5
   425 | D:1      | Reached XP level 3. HP: 23/26 MP: 2/6
   661 | D:2      | Identified a scroll of acquirement
   662 | D:2      | Acquired a staff of poison
   879 | D:2      | Reached skill level 5 in Conjurations
  1330 | D:2      | Found a faded altar of an unknown god.
  2253 | D:3      | Found Qyonocw's Armour Shop.
  2366 | D:3      | Reached XP level 4. HP: 33/33 MP: 5/7
  2486 | D:3      | Killed from afar by an orc wizard

Illustrated notes

Levels and vault maps discovered:
D:1:      spicycebolla_arrival_clurvy, layout_loops_cross,
          minmay_misc_feat_alley
D:2:      layout_basic, ebering_ecumenical_altar_hall, nrook_mini_vaults
D:3:      layout_basic, serial_shops, nicolae_shop_tiny_glass

Skill      XL: |  1  2  3 |
---------------+----------+-----
Conjurations   | 5 |  5.2
Dodging        | 2 |  2.1
Fighting       | |  0.1
Stealth        | |  1.8
Spellcasting   | |  2.5

Action                     |  1- 3 |  4- 6 || total
---------------------------+-------+-------++-------
  Melee: Unarmed           |     5 |       ||     5
         Dagger            |    24 |       ||    24
         Tailslap          |     6 |       ||     6
         Staff             |    57 |    14 ||    71
   Cast: Magic Dart        |    46 |     7 ||    53
    Use: Scroll            |     5 |       ||     5
   Stab: Sleeping          |     1 |       ||     1
 Armour: Skin              |    36 |     3 ||    39
  Dodge: Dodged            |    64 |     3 ||    67
